 Dungeon Crawl Stone Soup version 0.19.4-9-g45fd643 (webtiles) character file.

175 Naow the Firebug (level 5, 0/35 HPs)
             Began as a Mummy Fire Elementalist on Feb 20, 2017.
             Slain by an orc wizard
             ... wielding a +0 dagger
              (3 damage)
             ... on level 3 of the Dungeon.
             The game lasted 00:04:52 (2931 turns).

Naow the Firebug (Mummy Fire Elementalist)          Turns: 2931, Time: 00:04:53

Health: 0/35       AC:  3    Str: 11    XL:     5   Next: 29%
Magic:  6/9        EV: 12    Int: 15    God:
Gold:   108        SH:  0    Dex: 13    Spells: 3 memorised, 4 levels left

rFire  x . .     SeeInvis .     k - +1 dagger (venom)
rCold  + . .     Gourm    +     a - +0 robe
rNeg   + + +     Faith    .     (no shield)
rPois  ∞         Spirit   .     (no helmet)
rElec  .         Reflect  .     h - +0 cloak
rCorr  .         Harm     .     (no gloves)
MR     .....                    (no boots)
Stlth  ++........               m - amulet of the gourmand (curse)
                                (no ring)
                                (no ring)

@: slowed, very slow
A: no food or potions, fire vulnerability, cold resistance 1, negative energy
resistance 3, torment resistance, unbreathing
a: no special abilities


You were on level 3 of the Dungeon.
You were not hungry.

You visited 1 branch of the dungeon, and saw 3 of its levels.

You collected 108 gold pieces.

Inventory:

Hand Weapons
 i - a +0 short sword
 k - a +1 dagger of venom (weapon)
Armour
 a - a +0 robe (worn)
 h - a +0 cloak (worn)
Jewellery
 m - a cursed amulet of the gourmand (around neck)
Scrolls
 c - a scroll of magic mapping {unknown}
 d - a scroll of fog {unknown}
 e - 2 scrolls of random uselessness {unknown}
 f - a scroll of blinking {unknown}
 g - 3 scrolls of remove curse {unknown}
 j - a scroll of amnesia {unknown}
 l - 3 scrolls of teleportation {unknown}
 n - a scroll of immolation {unknown}
 o - a scroll of identify {unknown}
Books
 b - a book of Flames

   Spells                             Type                      Level
   a - Flame Tongue                   Conjuration/Fire             1
   b - Throw Flame                    Conjuration/Fire             2
   c - Conjure Flame                  Conjuration/Fire             3
   d - Inner Flame                    Hexes/Fire                   3
   e - Sticky Flame                   Conjuration/Fire             4
   f - Fireball                       Conjuration/Fire             5


   Skills:
 - Level 1.5 Dodging
 - Level 1.5 Stealth
 + Level 3.3 Spellcasting
 + Level 2.5 Conjurations
 + Level 3.4 Fire Magic


You had 4 spell levels left.
You knew the following spells:

 Your Spells              Type           Power        Failure   Level  Hunger
a - Flame Tongue          Conj/Fire      ##...        8%          1    N/A
b - Throw Flame           Conj/Fire      ##....       12%         2    N/A
c - Conjure Flame         Conj/Fire      ##......     21%         3    N/A

Dungeon Overview and Level Annotations

Branches:
Dungeon (3/15)

Altars:


Innate Abilities, Weirdness & Mutations

You do not eat or drink.
Your flesh is vulnerable to fire.
You are immune to poison.
Your flesh is cold resistant. (rC+)
You are immune to negative energy. (rN+++)
You are immune to unholy pain and torment.
You can survive without breathing.


Message History

The orc wizard hits you but does no damage.
You hit the orc wizard.
The orc wizard looks even sicker.
The orc wizard is heavily wounded.
The orc wizard points at you and mumbles some strange words.
The magic dart hits you!
* * * LOW HITPOINT WARNING * * *
The orc hits you.
* * * LOW HITPOINT WARNING * * *
The orc wizard gestures at you while chanting.
You feel yourself slow down.
Casting: Flame Tongue
Confirm with . or Enter, or press ? or * to list all spells.
Aiming: Flame Tongue
Press: ? - help, Shift-Dir - straight line, f - orc
Aim: an orc The flame tongue hits the orc.
The orc is moderately wounded.
The orc wizard barely misses you. The orc closely misses you.
The orc wizard hits you with a dagger.
You die...

#..###
#.........#
#.
#.#########
#. #.# #.
#.# #. #.#
###. #.#
... #.#
#.######.#
#.o@o....#
#.########
##


You could see an orc wizard and an orc.

Vanquished Creatures
  An orc priest (D:3)
  Ijyb (D:2)
  Jessica (D:2)
  Terence (D:1)
  2 adders (D:2)
  4 worms
  2 dart slugs
  2 leopard geckos
  2 orcs (D:3)
  2 bats
  4 goblins
  5 hobgoblins (D:2)
  A quokka (D:2)
  4 frilled lizards
  3 kobolds
  3 rats
38 creatures vanquished.

Notes
Turn   | Place    | Note
-------+----------+-------------------------------------------
     0 | D:1      | Naow the Mummy Fire Elementalist began the quest for the Orb.
     0 | D:1      | Reached XP level 1. HP: 13/13 MP: 3/3
   125 | D:1      | Reached skill level 1 in Conjurations
   503 | D:1      | Reached XP level 2. HP: 17/19 MP: 0/5
   892 | D:2      | Noticed Terence
   931 | D:1      | Killed Terence
   931 | D:1      | Reached XP level 3. HP: 8/24 MP: 2/6
  1252 | D:2      | Noticed Jessica
  1257 | D:2      | Killed Jessica
  1486 | D:2      | Reached XP level 4. HP: 30/30 MP: 4/8
  1491 | D:2      | Learned a level 2 spell: Throw Flame
  1495 | D:2      | Learned a level 3 spell: Conjure Flame
  1568 | D:2      | Noticed Ijyb
  1586 | D:2      | Killed Ijyb
  2733 | D:3      | Found a faded altar of an unknown god.
  2735 | D:3      | Reached XP level 5. HP: 35/35 MP: 7/9
  2931 | D:3      | Slain by an orc wizard

Skill      XL: |  1  2  3  4 |
---------------+-------------+-----
Conjurations   | 1 2 |  2.5
Fire Magic     | 3 |  3.4
Spellcasting   | 3 |  3.3
Dodging        | |  1.5
Stealth        | |  1.5

Action                   |  1- 3 |  4- 6 || total
-------------------------+-------+-------++-------
Melee: Unarmed           |     2 |       ||     2
       Dagger            |     1 |    47 ||    48
 Cast: Flame Tongue      |    31 |    25 ||    56
       Throw Flame       |       |     8 ||     8
 Stab: Sleeping          |       |     1 ||     1
Armor: Robe              |     4 |     6 ||    10
Dodge: Dodged            |     9 |    27 ||    36
